 Dungeon Crawl Stone Soup version 0.27-a0-1442-g87b6fcb595 (webtiles) character file.

Game seed: 10405590708604827301

219 avis the Ruffian (level 5, 0/40 HPs)
             Began as a Demigod Transmuter on July 4, 2021.
             Slain by a shadow imp (2 damage)
             ... on level 4 of the Dungeon on July 5, 2021.
             The game lasted 00:20:40 (3600 turns).

avis the Ruffian (Demigod Transmuter)               Turns: 3600, Time: 00:20:41

Health: 0/40       AC:  2    Str: 15    XL:     5   Next: 36%
Magic:  9/10       EV: 16    Int: 15    God:
Gold:   123        SH:  0    Dex: 14    Spells: 0/8 levels left

rFire    . . .     SeeInvis .     - Unarmed
rCold    . . .     Faith    .   (no shield)
rNeg     . . .     Spirit   .   a - +0 robe
rPois    .         Reflect  .   (helmet currently unavailable)
rElec    .         Harm     .   (no cloak)
rCorr    .         Rampage  .   (no gloves)
Will     .....                  (boots currently unavailable)
Stlth    +.........             (no amulet)
HPRegen  0.13/turn              q - +4 ring of evasion
MPRegen  0.12/turn              (no ring)

@: appendages (expiring)
A: horns 2, talons 2, high mp 1, forlorn
a: End Transformation


You were on level 4 of the Dungeon.
You had temporarily grown beastly horns and talons.
You visited 1 branch of the dungeon, and saw 4 of its levels.

You collected 123 gold pieces.

Inventory:

Hand Weapons
 p - a +1 flail of protection
Missiles
 d - 104 stones
 g - 93 arrows
 n - 36 poisoned darts (quivered)
Armour
 a - a +0 robe (worn)
 m - a +2 helmet (melded)
Jewellery
 e - a ring of fire
 q - a +4 ring of evasion (left hand)
Scrolls
 b - a scroll of noise {unknown}
 c - 3 scrolls of magic mapping {unknown}
 h - a scroll of amnesia {unknown}
 i - 2 scrolls of teleportation {unknown}
 j - 2 scrolls of identify {unknown}
 l - a scroll of immolation {unknown}
 o - a scroll of fog {unknown}
Potions
 f - a potion of heal wounds {unknown}
 k - a potion of berserk rage {unknown}


   Skills:
 - Level 1.0 Fighting
 - Level 2.0 Dodging
 * Level 4.9 Unarmed Combat
 - Level 2.0 Spellcasting
 - Level 3.0 Transmutations
 - Level 1.0 Poison Magic


You couldn't memorise any spells.
You knew the following spells:

 Your Spells              Type           Power      Damage    Failure   Level
a - Beastly Appendage     Tmut           20%        N/A       6%          1
p - Spider Form           Tmut/Pois      3%         N/A       28%         3
q - Ice Form              Ice/Tmut       6%         N/A       75%         4

Your spell library contained the following spells:

 Spells                   Type           Power      Damage    Failure   Level
 Wereblood                Tmut           10%        N/A       10%         2
 Fulminant Prism          Conj/Hex       0%         3d6       91%         4
 Iskenderun's Mystic Bla  Conj/Tloc      1%         2d3       91%         4
 Lee's Rapid Deconstruct  Erth           0%         3d5*      99%         5


Dungeon Overview and Level Annotations

Branches:
Dungeon (4/15)
 Temple: D:4-7

Shops:
D:3 *


Innate Abilities, Weirdness & Mutations

You have temporarily grown beastly horns and talons.
Your attributes grow dramatically as you level up.
You have an increased reservoir of magic. (+10% MP)
You shall have no god before yourself.


Message History

You barely miss the shadow imp. Your kick misses the shadow imp.
The shadow imp is moderately wounded.
The shadow imp hits you.
You barely miss the shadow imp.
The shadow imp is moderately wounded.
You hit the shadow imp.
You claw the shadow imp, but do no damage.
The shadow imp is heavily wounded.
The shadow imp closely misses you.
You barely miss the shadow imp.
You claw the shadow imp, but do no damage.
Your headbutt misses the shadow imp.
The shadow imp is moderately wounded.
The shadow imp closely misses you.
You hit the shadow imp. You claw the shadow imp.
The shadow imp is heavily wounded.
The shadow imp puffs mist at you. The shadow imp misses you.
You hit the shadow imp but do no damage.
The shadow imp is heavily wounded.
The shadow imp gestures at you. Pain shoots through your body!
You barely miss the shadow imp.
The shadow imp is heavily wounded.
The shadow imp hits you.
* * * LOW HITPOINT WARNING * * *
You hit the shadow imp but do no damage.
The shadow imp is heavily wounded.
The shadow imp hits you.
* * * LOW HITPOINT WARNING * * *
You hit the shadow imp but do no damage.
Your headbutt misses the shadow imp.
The shadow imp is heavily wounded.
Your transformation is almost over.
The shadow imp gestures at you. Pain shoots through your body!
* * * LOW HITPOINT WARNING * * *
Okay, then.
The shadow imp hits you.
You die...

###.# #.# ### ######.. #..
#.....## #.#.##.###.# .
#.#.#....#.# ...
#.#....#.#.##
.....#######.###.##.#...
.......@5g........#.###.
#########.........#.....
############.........+....#
#........S...........######
#.........5..#########
#............#
#............#
###............#
.......g..........


You could see a shadow imp and a hobgoblin.

Vanquished Creatures
  An orc priest (D:4)
  Natasha (thrice) (D:2)
  4 adders
  2 worms
  4 dart slugs
  4 orcs (D:4)
  10 endoplasms
  3 giant cockroaches
  3 goblins
  5 hobgoblins
  3 quokkas
  3 ball pythons
  5 bats
  5 frilled lizards
  4 kobolds
  5 rats (D:1)
64 creatures vanquished.

Vanquished Creatures (others)
  A demonic plant (D:1)
1 creature vanquished.

Grand Total: 65 creatures vanquished

Notes
Turn   | Place    | Note
-------+----------+-------------------------------------------
     0 | D:1      | avis the Demigod Transmuter began the quest for the Orb.
     0 | D:1      | Reached XP level 1. HP: 15/15 MP: 5/5
    46 | D:1      | Reached skill level 1 in Fighting
    78 | D:1      | Reached skill level 3 in Unarmed Combat
   257 | D:1      | Reached XP level 2. HP: 18/23 MP: 5/7
  1211 | D:1      | Reached XP level 3. HP: 28/28 MP: 6/8
  1227 | D:1      | Learned a level 3 spell: Spider Form
  1717 | D:2      | Noticed Natasha
  1729 | D:2      | Killed Natasha
  1730 | D:2      | Reached skill level 1 in Poison Magic
  1948 | D:2      | Noticed Natasha
  1952 | D:2      | Killed Natasha
  1953 | D:2      | Reached XP level 4. HP: 35/35 MP: 5/9
  2030 | D:2      | Noticed Natasha
  2038 | D:2      | Killed Natasha
  2039 | D:2      | Reached skill level 4 in Unarmed Combat
  2464 | D:3      | Found Arasch's Assorted Antiques.
  2773 | D:3      | Reached XP level 5. HP: 40/40 MP: 6/10
  2789 | D:3      | Learned a level 4 spell: Ice Form
  3599 | D:4      | HP: 2/40 [shadow imp/nerve-wracking pain (8)]
  3600 | D:4      | Slain by a shadow imp

Illustrated notes

Levels and vault maps discovered:
D:1:      minmay_arrival_three_doors, layout_basic, shapermc_ecumenical_altar_gd
D:2:      layout_basic, uniq_natasha
D:3:      layout_rooms, serial_shops, nicolae_shop_overgrown_old_shop
D:4:      layout_basic, minmay_increasing_density

Skill      XL: |  1  2  3  4 |
---------------+-------------+-----
Fighting       | 1 |  1.0
Unarmed Combat | 3 4 |  4.9
Dodging        | 2 |  2.0
Transmutations | 2 3 |  3.0
Spellcasting   | 2 |  2.0
Poison Magic   | 1 |  1.0

Action                   |  1- 3 |  4- 6 || total
-------------------------+-------+-------++-------
Melee: Unarmed           |    92 |    68 ||   160
       Kick              |    20 |     8 ||    28
       Headbutt          |    10 |     3 ||    13
       Punch             |     1 |       ||     1
Throw: Dart              |       |     6 ||     6
 Cast: Beastly Appendage |    29 |    13 ||    42
       Spider Form       |     2 |    13 ||    15
 Stab: Sleeping          |     3 |     3 ||     6
Armor: Robe              |     5 |     1 ||     6
       Skin              |       |     1 ||     1
Dodge: Dodged            |    40 |    33 ||    73

Table legend: (Time is in decaauts)
 A = Elapsed time spent in this place.
 B = Non-inter-level travel time spent in this place.
 C = Inter-level travel time spent in this place.
 D = Time resting spent in this place.
 E = Time spent auto-exploring this place.
 F = Levels seen in this place.
 G = Mean time per level.
                   A        B        C        D        E       F      G
               +--------+--------+--------+--------+--------+-----+--------+
         Total |   3604 |   3336 |    268 |    754 |   1790 |   4 |  901.0 |
       Dungeon |   3604 |   3336 |    268 |    754 |   1790 |   4 |  901.0 |
               +--------+--------+--------+--------+--------+-----+--------+

Top non-repeatable levels by time:
     D:1: 1345 daAuts
     D:2: 1078 daAuts
     D:4: 653 daAuts
     D:3: 527 daAuts
